 Dungeon Crawl Stone Soup version 0.28-a0-1518-gbe868bca14 (webtiles) character file.

Game seed: 984209947477661557

3919 knot the Cleaver (level 10, 70/70 HPs)
             Began as a Demonspawn Berserker on Jan 17, 2022.
             Was an Elder of Trog.
             Quit the game on level 8 of the Dungeon.
             The game lasted 00:09:32 (8486 turns).

knot the Cleaver (Demonspawn Berserker)             Turns: 8486, Time: 00:09:33

Health: 70/70      AC: 20    Str: 17    XL:     10   Next: 1%
Magic:  19/19      EV:  7    Int: 13    God:    Trog [****..]
Gold:   291        SH:  5    Dex: 17    Spells: 9/9 levels left

rFire   . . .      SeeInvis .   u - +1 war axe (freeze)
rCold   . . .      Faith    .   (no shield)
rNeg    + . .      Spirit   +   m - +8 chain mail "Kiviug Ine" {rN+ Dex+4}
rPois   .          Reflect  +   q - +0 helmet
rElec   .          Harm     .   w - +0 cloak
rCorr   .          Rampage  .   (no gloves)
Will    +....                   (no boots)
Stlth   ..........              E - amulet of reflection
HPRegen 6.21/turn               k - ring of willpower
MPRegen 0.32/turn               A - ring of magical power

@: no status effects
A: hooves 1, molten scales 1, powered by death 2, magic shield, magic
regeneration, magic link
a: Renounce Religion, Berserk, Trog's Hand, Brothers in Arms


You were on level 8 of the Dungeon.
You worshipped Trog.
Trog was greatly pleased with you.
You visited 1 branch of the dungeon, and saw 8 of its levels.
You also visited: Ossuary.

You collected 291 gold pieces.

Inventory:

Hand Weapons
 a - a +0 hand axe
 u - a +1 war axe of freezing (weapon)
Missiles
 b - 7 boomerangs
 j - 180 stones
 l - 82 sling bullets
 z - 6 javelins
 C - 2 poisoned darts (quivered)
Armour
 m - the +8 chain mail "Kiviug Ine" (worn) {rN+ Dex+4}
   (You found it on level 2 of the Dungeon)

   Dex:       It affects your dexterity (+4).
   rN:        It protects you from negative energy.
 q - a +0 helmet (worn)
 w - a +0 cloak (worn)
Jewellery
 k - a ring of willpower (left hand)
 A - a ring of magical power (right hand)
 E - an amulet of reflection (around neck)
Scrolls
 f - 2 scrolls of enchant armour {unknown}
 h - 2 scrolls of teleportation
 n - a scroll of enchant weapon
 p - 4 scrolls of fog
 s - 3 scrolls of blinking
 t - a scroll of fear
 y - a scroll of magic mapping
Potions
 c - a potion of resistance
 d - 2 potions of curing
 e - a potion of degeneration
 g - 2 potions of lignification
 i - a potion of mutation {unknown}
 o - 2 potions of haste
 r - a potion of heal wounds {unknown}
 v - 2 potions of might {unknown}
 x - a potion of magic
 B - a potion of berserk rage
 D - a potion of flight


   Skills:
 - Level 3.0 Fighting
 * Level 11.2 Axes
 * Level 7.5 Throwing
 - Level 1.7 Armour
 - Level 1.7 Dodging


You had 9 spell levels left.
You didn't know any spells.
Your spell library contained the following spells:

 Spells                   Type           Power      Damage    Failure   Level
 Shock                    Conj/Air       0%         1d3       99%         1
 Slow                     Hex            0%         N/A       99%         1
 Confusing Touch          Hex            0%         N/A       100%        3
 Dazzling Flash           Conj/Hex       0%         N/A       100%        3
 Swiftness                Air            0%         N/A       100%        3
 Tukima's Dance           Hex            0%         N/A       100%        3
 Vampiric Draining        Necr           0%         2d6       100%        3
 Airstrike                Air            0%         N/A       100%        4
 Passage of Golubria      Tloc           0%         N/A       100%        4
 Agony                    Necr           0%         N/A       100%        5
 Silence                  Hex/Air        0%         N/A       100%        5
 Yara's Violent Unravell  Hex/Tmut       0%         3d3       100%        5


Dungeon Overview and Level Annotations

Branches:
Dungeon (8/15)             Temple (0/1) D:4         Ossuary (visited)
   Lair: D:8-11

Altars:
Kikubaaqudgha
Ru
Uskayaw
Yredelemnul
The Shining One

Shops:
D:1 ?


Innate Abilities, Weirdness & Mutations

You have large cloven feet.
You are partially covered in molten scales. (AC +2)
You regenerate health from kills.
When hurt, damage is shared between your health and your magic reserves.
You regenerate magic rapidly.
When low on magic, you restore magic in place of health.


Message History

The centaur kicks you.
You slash the centaur! You freeze the centaur.
You kill the centaur!
Trog accepts your kill.
You slash the kobold! You freeze the kobold.
You kill the kobold!
Trog accepts your kill.
You completely miss the kobold.
The kobold shouts!
You kick the kobold.
The kobold is severely wounded.
You closely miss the kobold brigand. Your kick misses the kobold brigand.
You barely miss the kobold.
The kobold is severely wounded.
You hit the kobold brigand. You freeze the kobold brigand.
You block the kobold's attack.
You hit the kobold. You freeze the kobold.
You kill the kobold!
Trog accepts your kill.
You hit the kobold brigand but do no damage.
The kobold throws a stone.
The stone hits you but does no damage.
The kobold brigand hits you with a +0 club.
You hit the kobold brigand. You freeze the kobold brigand.
The kobold brigand is heavily wounded.
The kobold throws a stone.
The stone barely misses you. You block the kobold brigand's attack.
You hit the kobold brigand. You freeze the kobold brigand.
Your kick misses the kobold brigand.
The kobold brigand is severely wounded.
The kobold brigand hits you but does no damage.
You slash the kobold brigand! You freeze the kobold brigand.
You kill the kobold brigand!
Trog accepts your kill.
The kobold throws a stone.
You reflect the stone off an invisible shield around you!
The stone hits the kobold.
You have reached level 10!
Your demonic ancestry asserts itself...
Molten scales grow over part of your body.
Are you sure you want to abandon this character and quit the game? (Confirm with "yes".)

......# ###...#
.......##.....#
.......#......#
.......<......##
....#..........#
. ##.......#..
..#......## #..
.........###(....
.#.......@)K.....
........!))..##..
..............#
#...............
.................
........>.......
................
.##............


You could see a kobold.

Vanquished Creatures
  A boulder beetle (D:7)
  A two-headed ogre (D:7)
  Prince Ribbit (D:5)
  2 water moccasins
  2 sky beasts
  2 black bears (D:6)
  2 necrophages
  An ice beast (D:5)
  A centaur (D:8)
  3 ogres
  A kobold brigand (D:8)
  Blork the orc (D:4)
  2 scorpions
  2 water moccasin skeletons
  A crimson imp (D:6)
  9 centaur zombies
  3 orc priests
  Crazy Yiuf (D:4)
  A centaur skeleton (D:5)
  A bullfrog skeleton (D:6)
  2 hounds
  4 orc wizards
  3 iguanas
  6 mummies
  4 gnolls
  5 adders
  A shadow imp (D:7)
  4 white imps
  An adder skeleton (D:4)
  4 worms (D:2)
  2 dart slugs
  14 orcs
  9 ball pythons
  9 bats
  3 bat zombies (D:4)
  7 endoplasms
  6 giant cockroaches
  7 hobgoblins
  4 jackals (D:4)
  6 kobolds
  4 quokkas
  2 frilled lizards (D:2)
  7 goblins
  3 hobgoblin zombies (Ossuary)
  A kobold zombie (D:7)
  An orc zombie (D:7)
  4 rats
161 creatures vanquished.

Notes
Turn   | Place    | Note
-------+----------+-------------------------------------------
     0 | D:1      | knot the Demonspawn Berserker began the quest for the Orb.
     0 | D:1      | Reached XP level 1. HP: 18/18 MP: 1/1
    12 | D:1      | Found Qentuteo's Magic Scroll Shoppe.
    40 | D:1      | Found a faded altar of an unknown god.
    77 | D:1      | Reached skill level 3 in Axes
    97 | D:1      | Gained mutation: You regenerate magic rapidly. [demonic
                  | ancestry]
    97 | D:1      | Reached XP level 2. HP: 22/24 MP: 2/2
   719 | D:1      | Gained mutation: When hurt, damage is shared between your
                  | health and your magic reserves. [demonic ancestry]
   719 | D:1      | Reached XP level 3. HP: 26/29 MP: 3/3
   994 | D:1      | Reached skill level 4 in Axes
  1189 | D:2      | Identified the +8 chain mail "Kiviug Ine" {rN+ Dex+4}
  1640 | D:2      | Reached ** piety under Trog
  1758 | D:2      | Reached XP level 4. HP: 34/35 MP: 4/4
  2269 | D:3      | Reached skill level 5 in Axes
  2276 | D:3      | Gained mutation: When low on magic, you restore magic in
                  | place of health. [demonic ancestry]
  2276 | D:3      | Reached XP level 5. HP: 31/41 MP: 5/5
  3436 | D:4      | Noticed Blork the orc
  3447 | D:4      | Killed Blork the orc
  3448 | D:4      | Reached skill level 6 in Axes
  3503 | D:4      | Found an ancient bone altar of Kikubaaqudgha.
  3596 | D:4      | Found a runed translucent door.
  3597 | D:4      | Noticed Crazy Yiuf
  3710 | D:4      | Reached XP level 6. HP: 36/47 MP: 6/6
  3913 | D:4      | Reached *** piety under Trog
  3939 | D:4      | Found a staircase to the Ecumenical Temple.
  4514 | D:4      | Killed Crazy Yiuf
  4720 | D:5      | Entered Level 5 of the Dungeon
  4746 | D:5      | Reached skill level 7 in Axes
  4942 | D:5      | Noticed Prince Ribbit
  4948 | D:5      | Killed Prince Ribbit
  4949 | D:5      | Gained mutation: You regenerate a little health from kills.
                  | [demonic ancestry]
  4949 | D:5      | Reached XP level 7. HP: 41/52 MP: 5/7
  5100 | D:5      | Reached skill level 8 in Axes
  5347 | D:5      | Reached skill level 1 in Throwing
  5471 | D:5      | Gained mutation: You regenerate health from kills. [demonic
                  | ancestry]
  5471 | D:5      | Reached XP level 8. HP: 44/58 MP: 6/8
  6308 | D:6      | Reached skill level 9 in Axes
  7279 | D:7      | Found a sand-covered staircase.
  7279 | D:7      | Noticed a boulder beetle
  7439 | Ossuary  | Entered an ossuary
  7602 | Ossuary  | Reached skill level 5 in Throwing
  7606 | Ossuary  | Gained mutation: You have large cloven feet. [demonic
                  | ancestry]
  7606 | Ossuary  | Reached XP level 9. HP: 59/63 MP: 9/9
  7646 | Ossuary  | Reached skill level 10 in Axes
  7725 | D:7      | Killed a boulder beetle
  7728 | D:7      | Reached **** piety under Trog
  7854 | D:7      | Noticed a two-headed ogre
  7868 | D:7      | Killed a two-headed ogre
  7869 | D:7      | Reached skill level 11 in Axes
  7973 | D:7      | Found a basalt altar of Yredelemnul.
  7977 | D:7      | Found a sacrificial altar of Ru.
  7989 | D:7      | Found a hide-covered altar of Uskayaw.
  8486 | D:8      | Gained mutation: You are partially covered in molten
                  | scales. (AC +2) [demonic ancestry]
  8486 | D:8      | Reached XP level 10. HP: 70/70 MP: 10/10
  8486 | D:8      | Quit the game

Illustrated notes

Levels and vault maps discovered:
D:1:      minmay_arrival_loop, layout_loops_ring, serial_shops,
          nicolae_diamond_shop, shapermc_ecumenical_altar_pompeii,
          minmay_tetromino_i2
D:2:      layout_rooms, nicolae_figureground_pulse
D:3:      layout_basic, palyth_stone_intersect, roderic_lattice_a
D:4:      layout_loops_corners, lemuel_zombie_altar_kikubaaqudgha,
          minmay_temple_entry_hall, uniq_blork_the_orc, uniq_crazy_yiuf_cottage
D:5:      layout_loops_corners, amethyst_killhole, uniq_prince_ribbit1
D:6:      layout_basic, minmay_fire_ice_demons
D:7:      layout_loops_ring, minitemple, nicolae_ossuary_entry_giza
D:8:      layout_cave_pools, nicolae_overflow_hidden_temple, uniq_pikel,
          uniq_maurice, uniq_joseph

Skill      XL: |  1  2  3  4  5  6  7  8  9 |
---------------+----------------------------+-----
Axes           | 3 4 5 6 7 8 9 11 | 11.2
Throwing       | 2 5 7 |  7.5
Fighting       | |  3.0
Armour         | |  1.7
Dodging        | |  1.7

Action                   |  1- 3 |  4- 6 |  7- 9 | 10-12 || total
-------------------------+-------+-------+-------+-------++-------
Melee: Hand axe          |   122 |   149 |       |       ||   271
       Punch             |     4 |     2 |     4 |       ||    10
       War axe           |       |    39 |   250 |       ||   289
       Kick              |       |       |    37 |       ||    37
Throw: Boomerang         |       |       |    18 |       ||    18
       Dart              |       |       |     2 |       ||     2
Invok: Berserk           |     1 |     4 |     4 |       ||     9
       Trog's Hand       |       |     1 |     2 |       ||     3
  Use: Scroll            |       |       |    20 |       ||    20
 Stab: Sleeping          |     1 |       |       |       ||     1
Armor: Animal skin       |     5 |       |       |       ||     5
       Chain mail        |    34 |   161 |   160 |       ||   355
Dodge: Dodged            |    66 |    73 |    98 |       ||   237
Block: Other             |       |       |    41 |       ||    41
       Reflection        |       |       |     1 |       ||     1

Table legend: (Time is in decaauts)
 A = Elapsed time spent in this place.
 B = Non-inter-level travel time spent in this place.
 C = Inter-level travel time spent in this place.
 D = Time resting spent in this place.
 E = Time spent auto-exploring this place.
 F = Levels seen in this place.
 G = Mean time per level.
                   A        B        C        D        E       F      G
               +--------+--------+--------+--------+--------+-----+--------+
         Total |   8605 |   8229 |    376 |   1444 |   5585 |   9 |  956.1 |
       Dungeon |   8337 |   7961 |    376 |   1295 |   5545 |   8 | 1042.1 |
       Ossuary |    268 |    268 |      0 |    149 |     40 |   1 |  268.0 |
               +--------+--------+--------+--------+--------+-----+--------+

Top non-repeatable levels by time:
     D:4: 1680 daAuts
     D:5: 1510 daAuts
     D:1: 1167 daAuts
     D:3: 1154 daAuts
     D:7: 1026 daAuts
     D:6: 990 daAuts
     D:2: 786 daAuts
 Ossuary: 268 daAuts
     D:8: 20 daAuts
